 Dungeon Crawl Stone Soup version 0.30-a0-743-gbfdf073431 (webtiles) character file.

Game seed: 11226992384960221382

109 Leeroy the Slasher (level 4, -13/23 HPs)
             Began as a Vine Stalker Warper on Feb 5, 2023.
             Mangled by Menkaure (17 damage)
             ... on level 4 of the Dungeon.
             The game lasted 00:05:13 (2449 turns).

Leeroy the Slasher (Vine Stalker Warper)            Turns: 2449, Time: 00:05:14

Health: -13/23     AC:  7    Str: 14    XL:     4   Next: 90%
Magic:  0/8        EV: 11    Int: 13    God:
Gold:   191        SH:  0    Dex: 15    Spells: 2/7 levels left

rFire   . . .      SeeInvis .    u - +0 long sword
rCold   . . .      Faith    .    (no shield)
rNeg    . . .      Spirit   +    b - +0 leather armour
rPois   .          Reflect  .    (no helmet)
rElec   .          Harm     .    (no cloak)
rCorr   .          Rampage  .    (no gloves)
Will    .....                    (no boots)
Stlth   +                        (no amulet)
HPRegen 1.03/turn                n - +4 ring of protection
MPRegen 0.11/turn                (no ring)

@: no status effects
A: fangs 2, regeneration 1, magic shield, antimagic bite, no potion heal 2
a: no special abilities


You were on level 4 of the Dungeon.
You visited 1 branch of the dungeon, and saw 4 of its levels.

You collected 191 gold pieces.

Inventory:

Hand Weapons
 a - a +0 falchion
 t - a +0 rapier
 u - a +0 long sword (weapon)
Missiles
 d - 7 boomerangs of dispersal (quivered)
 f - 4 poisoned darts
 h - 13 boomerangs
Armour
 b - a +0 leather armour (worn)
 l - a +0 pair of gloves
Jewellery
 n - a +4 ring of protection (left hand)
Scrolls
 c - a scroll of blinking
 e - a scroll of immolation {unknown}
 g - 3 scrolls of teleportation {unknown}
 i - 4 scrolls of identify {unknown}
 k - a scroll of enchant armour {unknown}
 m - a scroll of magic mapping {unknown}
 r - a scroll of noise {unknown}
Potions
 j - a potion of magic {unknown}
 o - a potion of resistance {unknown}
 p - 2 potions of curing {unknown}
 q - a potion of flight {unknown}
 s - a potion of degeneration {unknown}
 v - a potion of lignification {unknown}
 w - a potion of brilliance {unknown}


   Skills:
 - Level 1.7 Fighting
 + Level 4.4 Long Blades
 - Level 0.8 Throwing
 - Level 0.7 Armour
 - Level 1.5 Dodging
 - Level 2.1 Spellcasting
 - Level 3.0 Translocations


You had 2 spell levels left.
You knew the following spells:

 Your Spells              Type           Power      Damage    Failure   Level
a - Blink                 Tloc           18%        N/A       14%         2
b - Vhi's Electric Charg  Tloc/Air       10%        N/A       45%         3

Your spell library contained the following spells:

 Spells                   Type           Power      Damage    Failure   Level
 Lesser Beckoning         Tloc           18%        N/A       14%         2
 Teleport Other           Tloc           9%         N/A       28%         3
 Portal Projectile        Hex/Tloc       10%        N/A       45%         3
 Call Canine Familiar     Summ           1%         N/A       67%         3
 Manifold Assault         Tloc           9%         N/A       67%         4
 Leda's Liquefaction      Hex/Erth       0%         N/A       97%         4


Dungeon Overview and Level Annotations

Branches:
Dungeon (4/15)
 Temple: D:4-7

Altars:

Shops:
D:2 ?

Annotations:
D:4 Menkaure


Innate Abilities, Weirdness & Mutations

You have extremely sharp teeth.
Your natural rate of healing is unusually fast.
When hurt, damage is shared between your health and your magic reserves.
Your bite disrupts and absorbs the magic of your enemies.
Potions cannot restore your health.


Message History

The kobold throws a stone.
The stone closely misses you.
You slash Menkaure! You bite Menkaure.
Menkaure's magic leaks into the air.
You drain his magic.
Menkaure is moderately damaged.
Menkaure barely misses you.
You barely miss Menkaure.
Menkaure is moderately damaged.
Menkaure barely misses you. The kobold misses you.
You barely miss Menkaure. Your bite misses Menkaure.
Menkaure is moderately damaged.
Menkaure barely misses you. The kobold barely misses you.
You hit Menkaure.
Menkaure is moderately damaged.
The kobold hits you with a +0 whip. Menkaure closely misses you.
You barely miss Menkaure. You bite Menkaure, but do no damage.
Menkaure is moderately damaged.
The kobold barely misses you.
Menkaure calls on the powers of darkness!
Your body is wracked with pain!
The kobold closely misses you.
You hit Menkaure. You bite Menkaure.
Menkaure's magic leaks into the air.
You drain his magic.
You feel invigorated.
Menkaure is severely damaged.
Menkaure falters for a moment.
The kobold completely misses you.
You barely miss Menkaure.
Menkaure is severely damaged.
Menkaure hits you!!
Ouch! That really hurt!
* * * LOW HITPOINT WARNING * * *
The kobold closely misses you.
You completely miss Menkaure.
Menkaure is severely damaged.
The kobold hits you but does no damage.
Menkaure falters for a moment.
You hit Menkaure but do no damage. You bite Menkaure.
Menkaure's magic leaks into the air.
You drain his magic.
You feel invigorated.
Menkaure is severely damaged.
The kobold hits you with a +0 whip.
* * * LOW HITPOINT WARNING * * *
Menkaure hits you!!
Ouch! That really hurt!
You die...

..###.. ..#..#
.###....####
..........>#
#..........#
#..........#
#......M...#
#......@...#
#.....K......#
...........#.#
...........#
...........#
##.........#
#########..
.##


You could see Menkaure (magic disrupted) and a kobold.

Vanquished Creatures
  An orc wizard (D:3)
  2 adders (D:2)
  3 dart slugs (D:2)
  4 orcs
  4 ball pythons
  4 endoplasms
  4 goblins (D:1)
  7 hobgoblins
  7 jackals
  2 quokkas
  2 bats
  2 frilled lizards
  5 kobolds
  3 rats
50 creatures vanquished.

Vanquished Creatures (others)
  A plant (D:3)
1 creature vanquished.

Grand Total: 51 creatures vanquished

Notes
Turn   | Place    | Note
-------+----------+-------------------------------------------
     0 | D:1      | Leeroy the Vine Stalker Warper began the quest for the Orb.
     0 | D:1      | Reached XP level 1. HP: 11/11 MP: 4/4
    70 | D:1      | Reached skill level 2 in Long Blades
    86 | D:1      | Reached XP level 2. HP: 14/15 MP: 3/6
   443 | D:1      | Reached skill level 3 in Long Blades
   613 | D:1      | Reached XP level 3. HP: 16/18 MP: 7/7
  1184 | D:2      | Learned a level 2 spell: Blink
  1188 | D:2      | Learned a level 3 spell: Vhi's Electric Charge
  1189 | D:2      | Found The Oracle's Delphic Readings.
  1376 | D:2      | Gained mutation: Your natural rate of healing is unusually
                  | fast. [Vine Stalker growth]
  1376 | D:2      | Reached XP level 4. HP: 23/23 MP: 8/8
  1783 | D:3      | Reached skill level 4 in Long Blades
  1949 | D:3      | Found a faded altar of an unknown god.
  2379 | D:4      | Noticed Menkaure
  2449 | D:4      | Mangled by Menkaure

Illustrated notes

Levels and vault maps discovered:
D:1:      dpeg_arrival_more_subterranean_lakeside_camping, layout_basic
D:2:      layout_loops_ring, columned_hall_lemuel, nicolae_nh_oracle_at_delphi
D:3:      layout_rooms, basic_ecumenical_altar, serial_bayou,
          serial_bayou_lagoon_b, serial_bayou_lagoon_a, serial_bayou_shore_b,
          serial_bayou_shore_b, kennysheep_decorative_pillar
D:4:      layout_rooms, mainiacjoe_overflow_alcove_1, uniq_menkaure, uniq_robin,
          uniq_crazy_yiuf_cottage

Skill      XL: |  1  2  3  4 |
---------------+-------------+-----
Long Blades    | 2 3 4 |  4.4
Fighting       | |  1.7
Throwing       | |  0.8
Armour         | |  0.7
Dodging        | |  1.5
Spellcasting   | |  2.1
Translocations | |  3.0

Action                     |  1- 3 |  4- 6 || total
---------------------------+-------+-------++-------
  Melee: Falchion          |   103 |    54 ||   157
         Bite              |    19 |    21 ||    40
         Long sword        |       |    19 ||    19
   Stab: Sleeping          |     3 |       ||     3
 Armour: Leather armour    |    22 |    34 ||    56
  Dodge: Dodged            |    54 |    44 ||    98

Table legend: (Time is in decaauts)
 A = Elapsed time spent in this place.
 B = Non-inter-level travel time spent in this place.
 C = Inter-level travel time spent in this place.
 D = Time resting spent in this place.
 E = Time spent auto-exploring this place.
 F = Levels seen in this place.
 G = Mean time per level.
                   A        B        C        D        E       F      G
               +--------+--------+--------+--------+--------+-----+--------+
         Total |   2495 |   2343 |    152 |     50 |   1884 |   4 |  623.8 |
       Dungeon |   2495 |   2343 |    152 |     50 |   1884 |   4 |  623.8 |
               +--------+--------+--------+--------+--------+-----+--------+

Top non-repeatable levels by time:
     D:1: 1042 daAuts
     D:2: 719 daAuts
     D:3: 717 daAuts
     D:4: 17 daAuts
